AoeStats
← NPG | Shimishi Maki

Nomad

509014520Analyzed
4v4 RM · 7d ago on Sep 25, 2026· 45m 55s· 8 players
Game mode
Random Map
Map size
231×231
Population
200
Speed
Normal
Resources
Standard
Victory
Conquest
Starting age
Dark Age
Ending age
Imperial Age
RankedLock teamsTeams togetherTeam positionsShared explorationLock speedFull tech treeHidden civsTurbo modeCheats
Victory
Defeat
🇨🇱 Italians · Chile
1667
+7
1554
+10
🇦🇷 Magyars · Argentina
1451
+15
🇨🇱 Persians · Chile
1307
+19
🇹🇷 Saxons · Türkiye
1458
-14
🇺🇸 Vietnamese · United States
1430
-13
🇲🇽 Varangians · Mexico
1404
-12
🇲🇽 Spanish · Mexico
1402
-12
VL Mick 💀
5:17 Loom
5:24 Loom
14:09 Feudal Age
18:10 Castle Age
21:54 Husbandry
22:27 Padded Archer Armor
25:08 Double-Bit Axe
32:11 Imperial Age
30:03 Horse Collar
31:05 Wheelbarrow
31:43 Bloodlines
31:57 Bow Saw
32:37 Heavy Plow
35:10 Fletching
37:10 Leather Archer Armor
38:13 Scale Barding Armor
38:42 Cavalier
39:57 Chain Barding Armor
42:17 Plate Barding Armor
42:31 Forging
42:22 Gold Mining
45:05 Iron Casting
.|.
7:35 Loom
13:16 Feudal Age
17:03 Castle Age
15:56 Double-Bit Axe
16:37 Town Watch
17:43 Horse Collar
21:06 Wheelbarrow
37:43 Hand Cart
41:46 Imperial Age
39:44 Fletching
39:55 Padded Archer Armor
40:19 Ballistics
40:25 Heavy Plow
41:18 Bodkin Arrow
41:41 Leather Archer Armor
43:31 Chemistry
43:26 Ring Archer Armor
44:29 Forging
44:20 Scale Mail Armor
LiquidSteel71
4:20 Loom
13:04 Feudal Age
13:40 Double-Bit Axe
13:43 Horse Collar
14:34 Fletching
21:30 Castle Age
20:13 Padded Archer Armor
22:37 Medium Warships
22:27 Bodkin Arrow
23:41 Bloodlines
24:19 Husbandry
25:10 Ballistics
29:16 Imperial Age
27:19 Bow Saw
28:20 Leather Archer Armor
29:35 Gold Mining
29:14 Elite Skirmisher
30:52 Imperial Skirmisher
33:39 Ring Archer Armor
34:14 Bracer
40:21 Wheelbarrow
41:24 Thumb Ring
42:43 Scale Barding Armor
42:49 Forging
44:01 Chemistry
43:02 Heavy Cavalry Archer
44:19 Chain Barding Armor
MinorCloud9519
5:05 Loom
12:51 Feudal Age
13:55 Town Watch
17:45 Castle Age
16:35 Scale Mail Armor
16:46 Forging
16:28 Double-Bit Axe
18:59 Chain Mail Armor
20:46 Squires
21:47 Gambesons
29:34 Horse Collar
31:29 Bow Saw
32:32 Heavy Plow
35:22 Fletching
38:44 Bodkin Arrow
41:14 Gold Mining
43:06 Gold Shaft Mining
43:55 Stone Mining
NPG | ChupaloAlexitico
4:37 Loom
12:29 Feudal Age
13:12 Double-Bit Axe
14:36 Fishing Lines
15:57 Fletching
18:00 Gold Mining
20:33 Castle Age
19:47 Wheelbarrow
21:35 Bow Saw
22:21 Medium Warships
23:42 Bodkin Arrow
25:02 Town Watch
32:21 Clinker Construction
32:22 Careening
33:21 Horse Collar
40:30 Imperial Age
38:10 Town Watch
38:29 Scale Mail Armor
39:42 Chain Mail Armor
39:37 Forging
38:54 Man-at-Arms
39:19 Gambesons
39:35 Squires
39:50 Long Swordsman
40:47 Two-Handed Swordsman
42:16 Plate Mail Armor
42:26 Conscription
43:28 Fereters
43:55 Gillnets
45:57 Iron Casting
45:28 Arson
45:46 Champion
Casitas Voy
4:14 Loom
13:16 Feudal Age
17:11 Castle Age
16:20 Double-Bit Axe
20:04 Bow Saw
20:03 Horse Collar
27:07 Stone Mining
27:57 Heavy Plow
29:07 Wheelbarrow
28:20 Town Watch
30:33 Hand Cart
30:49 Fletching
35:14 Imperial Age
33:21 Gold Mining
34:21 Bloodlines
34:12 Husbandry
35:08 Bodkin Arrow
35:34 Ballistics
36:03 Bracer
37:58 Chemistry
37:41 Padded Archer Armor
37:49 Thumb Ring
38:10 Parthian Tactics
38:16 Scale Barding Armor
39:34 Chain Barding Armor
39:47 Hand Cart
39:39 Corvinian Army
41:00 Plate Barding Armor
41:29 Masonry
42:10 Leather Archer Armor
42:21 Conscription
42:37 Hoardings
41:45 Light Cavalry
43:00 Heavy Cavalry Archer
44:21 Recurve Bow
43:49 Elite Magyar Huszar
46:35 Ring Archer Armor
46:10 Treadmill Crane
NPG | Kraxher
5:01 Loom
12:50 Feudal Age
13:27 Feudal Age
19:36 Castle Age
17:48 Scale Barding Armor
19:27 Double-Bit Axe
19:55 Forging
20:56 Wheelbarrow
21:48 Chain Barding Armor
38:44 Horse Collar
42:45 Bloodlines
42:44 Stone Mining
43:29 Town Watch
NPG | Shimishi Maki
5:12 Loom
14:18 Feudal Age
15:24 Double-Bit Axe
15:22 Fishing Lines
19:03 Castle Age
19:30 Gold Mining
20:13 Stone Mining
20:56 Bow Saw
20:38 Gillnets
23:57 Imperial Age
22:24 Fletching
23:11 Bodkin Arrow
24:23 Wheelbarrow
24:24 Ballistics
24:36 Horse Collar
25:41 Bracer
26:11 Padded Archer Armor
27:22 Chemistry
27:04 Padded Archer Armor
28:20 Conscription
28:35 Town Watch
33:26 Two-Man Saw
32:27 Heavy Plow
33:25 Heavy Plow
34:25 Thumb Ring
35:23 Hand Cart
36:26 Scale Barding Armor
37:34 Fortified Wall
37:35 Masonry
38:05 Chain Barding Armor
38:36 Crop Rotation
38:25 Forging
39:01 Coinage
39:05 Leather Archer Armor
39:48 Plate Barding Armor
38:49 Light Cavalry
39:40 Bloodlines
39:30 Husbandry
39:59 Hussar
42:01 Architecture
42:56 Iron Casting
42:52 Ring Archer Armor
43:30 Elite Genoese Crossbowman
45:43 Blast Furnace
47:03 Hoardings
Connection lost

Rejoining the realm…

Still unreachable

The connection could not be restored.

Session expired

The server has moved on; the page needs a fresh start.